 Dungeon Crawl Stone Soup version 0.28.0-53-g5a82cb258f (webtiles) character file.

Game seed: 18197124606315092421

105 bnorton916 the Magician (level 4, -7/24 HPs)
             Began as a Deep Elf Fire Elementalist on July 18, 2022.
             Killed from afar by an orc wizard (10 damage)
             ... with a puff of flame
             ... on level 3 of the Dungeon.
             The game lasted 00:02:29 (3857 turns).

bnorton916 the Magician (DEFE)                      Turns: 3857, Time: 00:02:30

Health: -7/24      AC:  2    Str:  5    XL:     4   Next: 54%
Magic:  5/12       EV: 12    Int: 22    God:
Gold:   107        SH:  0    Dex: 15    Spells: 5/11 levels left

rFire   . . .      SeeInvis .   h - +1 dagger (venom)
rCold   . . .      Faith    .   (no shield)
rNeg    . . .      Spirit   .   a - +0 robe
rPois   .          Reflect  .   (no helmet)
rElec   .          Harm     .   (no cloak)
rCorr   .          Rampage  .   (no gloves)
Will    .....                   (no boots)
Stlth   ++........              (no amulet)
HPRegen 0.08/turn               (no ring)
MPRegen 0.13/turn               (no ring)

@: no status effects
A: no striking features
a: no special abilities


You were on level 3 of the Dungeon.
You visited 1 branch of the dungeon, and saw 3 of its levels.

You collected 107 gold pieces.

Inventory:

Hand Weapons
 h - a +1 dagger of venom (weapon)
Missiles
 f - 94 stones
 l - 4 boomerangs
 n - 5 curare-tipped darts
Armour
 a - a +0 robe (worn)
Jewellery
 k - an amulet of faith
Scrolls
 d - a scroll of fear {unknown}
 e - a scroll of enchant weapon {unknown}
 j - 2 scrolls of noise {unknown}
Potions
 b - a potion of brilliance {unknown}
 c - a potion of attraction {unknown}
 g - a potion of resistance {unknown}
 i - 2 potions of cancellation {unknown}
 m - 2 potions of might {unknown}
 o - a potion of curing {unknown}


   Skills:
 - Level 2.4 Dodging
 - Level 2.4 Stealth
 + Level 4.4 Spellcasting
 + Level 2.9 Conjurations
 + Level 4.3 Fire Magic


You had 5 spell levels left.
You knew the following spells:

 Your Spells              Type           Power      Damage    Failure   Level
a - Foxfire               Conj/Fire      80%        2x1d8     2%          1
b - Scorch                Fire           48%        2d7       2%          2
c - Conjure Flame         Conj/Fire      20%        6-21      8%          3

Your spell library contained the following spells:

 Spells                   Type           Power      Damage    Failure   Level
 Animate Skeleton         Necr           8%         N/A       11%         1
 Beastly Appendage        Tmut           8%         N/A       11%         1
 Pain                     Necr           16%        1d4       11%         1
 Inner Flame              Hex/Fire       14%        N/A       13%         3
 Wereblood                Tmut           4%         N/A       16%         2
 Flame Wave               Conj/Fire      20%        2d7       24%         4
 Spider Form              Tmut/Pois      4%         N/A       32%         3
 Vampiric Draining        Necr           4%         2d6       32%         3


Dungeon Overview and Level Annotations

Branches:
Dungeon (3/15)

Altars:
Xom

Shops:
D:2 (?:=


Message History

Something hits you.
Casting: Foxfire (safe; 2% risk of failure)
Confirm with . or Enter, or press ? or * to list all spells.
You conjure some foxfire!
The giant cockroach barely misses you. Something hits you.
The foxfire hits something.
The foxfire hits something but does no damage.
The giant cockroach bites you. Something hits you.
Casting: Foxfire (safe; 2% risk of failure)
Confirm with . or Enter, or press ? or * to list all spells.
You conjure some foxfire!
The giant cockroach bites you but does no damage.
The giant cockroach closely misses you.
You hear some strange, mumbled words.
A puff of flame appears from out of thin air!
The puff of flame hits you.
The foxfire hits something but does no damage.
The foxfire hits something.
The giant cockroach closely misses you. Something hits you.
* * * LOW HITPOINT WARNING * * *
Casting: Foxfire (safe; 2% risk of failure)
Confirm with . or Enter, or press ? or * to list all spells.
You conjure some foxfire!
The giant cockroach bites you but does no damage.
The foxfire hits something but does no damage. x2
Something hits you.
* * * LOW HITPOINT WARNING * * *
The giant cockroach barely misses you.
Casting: Foxfire (safe; 2% risk of failure)
Confirm with . or Enter, or press ? or * to list all spells.
You conjure some foxfire!
Something hits you.
* * * LOW HITPOINT WARNING * * *
The giant cockroach misses you.
The foxfire hits something.
The foxfire hits something but does no damage.
The giant cockroach barely misses you.
You hear some strange, mumbled words.
A puff of flame appears from out of thin air!
The puff of flame hits you!
You die...

####### #.# #.# #.#
#.# ####.# ##....#
#.....#
#######...ยงยง##
........###@.######
#######.# #B{......
#.###))######
#.....## #####.#
#.# #'# ... .)...


You could see a giant cockroach.

Vanquished Creatures
  4 adders
  3 dart slugs (D:1)
  3 orcs (D:3)
  2 ball pythons
  10 endoplasms
  A giant cockroach (D:1)
  4 goblins
  7 hobgoblins
  4 quokkas
  5 bats
  2 frilled lizards
  3 kobolds (D:1)
  8 rats
56 creatures vanquished.

Vanquished Creatures (others)
  276 foxfires
276 creatures vanquished.

Grand Total: 332 creatures vanquished

Notes
Turn   | Place    | Note
-------+----------+-------------------------------------------
     0 | D:1      | bnorton916 the Deep Elf Fire Elementalist began the quest
                  | for the Orb.
     0 | D:1      | Reached XP level 1. HP: 10/10 MP: 6/6
   354 | D:1      | Reached XP level 2. HP: 15/15 MP: 5/8
  1345 | D:1      | Reached XP level 3. HP: 19/19 MP: 7/10
  1353 | D:1      | Learned a level 2 spell: Scorch
  1357 | D:1      | Learned a level 3 spell: Conjure Flame
  1985 | D:2      | Found a shimmering altar of Xom.
  2103 | D:2      | Found a faded altar of an unknown god.
  2278 | D:2      | Found Volenam's Weapon Shoppe.
  2439 | D:2      | Found Itew's Jewellery Shoppe.
  2540 | D:2      | Found Luireodgh's Book Shoppe.
  2601 | D:2      | Found Nasang's Magic Scroll Emporium.
  2823 | D:2      | Reached XP level 4. HP: 24/24 MP: 8/12
  3857 | D:3      | Killed from afar by an orc wizard

Illustrated notes

Levels and vault maps discovered:
D:1:      psy_arrival_spokes, layout_basic, minmay_misc_feat_nine_boxes
D:2:      layout_loops_ring, serial_shops, nicolae_diamond_shop, shop_scrolls,
          nicolae_lakefront_shop, nicolae_shop_bloodbath_and_beyond,
          basic_altar, shapermc_ecumenical_altar_notcrosses
D:3:      layout_loops_corners, uniq_ijyb

Skill      XL: |  1  2  3 |
---------------+----------+-----
Conjurations   | 2 |  2.9
Spellcasting   | 4 |  4.4
Fire Magic     | 4 |  4.3
Dodging        | |  2.4
Stealth        | |  2.4

Action                   |  1- 3 |  4- 6 || total
-------------------------+-------+-------++-------
 Cast: Foxfire           |   131 |    37 ||   168
       Scorch            |     4 |     1 ||     5
Armor: Robe              |     3 |     2 ||     5
Dodge: Dodged            |    12 |    11 ||    23
